 Dungeon Crawl Stone Soup version 0.30.1 (webtiles) character file.

Game seed: 811291133379215791

25315 Graphine the Bringer of Law (level 13, -13/114 HPs)
             Began as a Hill Orc Fighter on July 6, 2023.
             Was the Champion of Zin.
             Killed from afar by Jorgrun (51 damage)
             ... with an iron shot
             ... on level 1 of the Orcish Mines.
             The game lasted 00:47:51 (16913 turns).

Graphine the Bringer of Law (Hill Orc Fighter)     Turns: 16913, Time: 00:47:51

Health: -13/114    AC: 17    Str: 29    XL:     13   Next: 18%
Magic:  24/24      EV: 20    Int: 16    God:    Zin [******]
Gold:   1090       SH:  6    Dex: 15    Spells: 12/12 levels left

rFire   + . .        a - +5 trident
rCold   . . .        c - +0 buckler
rNeg    . . .        t - +3 chain mail {rF+}
rPois   ∞            n - +0 helmet
rElec   +            y - scarf of Lilacs {+Inv, rElec Int+3}
rCorr   .            (no gloves)
SInv    .            G - +0 pair of boots
Will    .....        (no amulet) Stlth
                     E - +5 ring of evasion
HPRegen 0.39/turn    b - +5 ring of evasion
MPRegen 0.19/turn

%: no passive effects
@: vitalised, on recite cooldown
A: no striking features
a: Renounce Religion, Evoke Invisibility, Recite, Vitalisation, Imprison,
Sanctuary, Donate Gold


You were on level 1 of the Orcish Mines.
You worshipped Zin.
Zin was exalted by your worship.
You visited 2 branches of the dungeon, and saw 13 of its levels.
You also visited: Bailey.

You collected 1240 gold pieces.
You spent 28 gold pieces at shops.
You donated 122 gold pieces to Zin.

Inventory:

Hand Weapons
 a - a +5 trident (weapon)
 q - a +5 spear of freezing
 K - a +3 halberd of freezing
 L - a +4 dagger of distortion
Armour
 c - a +0 buckler (worn)
 d - a +4 plate armour
 n - a +0 helmet (worn)
 r - the +1 leather armour "Suce" {+Inv rElec Regen+ Dex-4}
   (You found it on level 7 of the Dungeon)

   Dex:       It affects your dexterity (-4).
   rElec:     It insulates you from electricity.
   +Inv:      It lets you turn invisible.
   Regen:     It increases your rate of health regeneration.
 t - a +3 chain mail of fire resistance (worn)
 v - the +0 helmet of Claustrophobia {Drain +Blink rElec Stlth+}
   (You found it on level 6 of the Dungeon)

   rElec:     It insulates you from electricity.
   +Blink:    It lets you blink.
   Drain:     It drains your maximum health when unequipped.
   Stlth:     It makes you more stealthy.
 y - the scarf of Lilacs (worn) {+Inv, rElec Int+3}
   (You found it in a bailey)

   Int:       It affects your intelligence (+3).
   rElec:     It insulates you from electricity.
 B - the +1 robe of the Five Mice {Will+}
   (You found it in a bailey)

   Will:      It increases your willpower.
 G - a +0 pair of boots (worn)
Jewellery
 b - a +5 ring of evasion (right hand)
 e - a ring of positive energy
 z - a ring of protection from cold
 E - a +5 ring of evasion (left hand)
Scrolls
 s - 3 scrolls of fog
 C - a scroll of amnesia
 F - 2 scrolls of identify
 H - a scroll of magic mapping
Potions
 f - a potion of heal wounds
 g - 2 potions of cancellation
 i - 2 potions of resistance
 k - 3 potions of curing
 p - a potion of attraction
 w - 2 potions of mutation
 x - a potion of brilliance {unknown}
 D - 4 potions of flight {unknown}


   Skills:
 + Level 10.7 Fighting
 * Level 12.9 Polearms
 + Level 9.8 Armour
 + Level 2.3 Dodging
 + Level 9.7 Shields
 * Level 14.7 Invocations


You had 12 spell levels left.
You didn't know any spells.
Your spell library contained the following spells:

 Spells                   Type           Power      Damage    Failure   Level
 Freeze                   Ice            0%         1d3       67%         1
 Magic Dart               Conj           0%         1d3       67%         1
 Shock                    Conj/Air       0%         1d3       67%         1
 Blink                    Tloc           0%         N/A       82%         2
 Call Imp                 Summ           0%         N/A       82%         2
 Lesser Beckoning         Tloc           0%         N/A       82%         2
 Momentum Strike          Conj/Tloc      0%         3d8       82%         2
 Searing Ray              Conj           0%         2d4       82%         2
 Frozen Ramparts          Ice            0%         1d1       96%         3
 Gell's Gravitas          Tloc           0%         N/A       96%         3
 Hailstorm                Conj/Ice       0%         3d3       96%         3
 Ignite Poison            Fire/Tmut/Pois 0%         N/A       96%         3
 Mephitic Cloud           Conj/Pois/Air  0%         N/A       96%         3
 Swiftness                Air            0%         N/A       96%         3
 Teleport Other           Tloc           0%         N/A       96%         3
 Vhi's Electric Charge    Tloc/Air       0%         N/A       96%         3
 Airstrike                Air            0%         2d(0-16)  100%        4
 Fulminant Prism          Conj/Hex       0%         3d5       100%        4
 Sticky Flame             Conj/Fire      0%         2d3       100%        4
 Arcjolt                  Conj/Air       0%         1d10      100%        5
 Dispersal                Tloc           0%         N/A       100%        6
 Plasma Beam              Fire/Air       0%         2x1d11    100%        6
 Ignition                 Fire           0%         3d3       100%        8


Dungeon Overview and Level Annotations

Branches:
Dungeon (11/15)            Temple (0/1) D:5            Lair (0/5) D:11
    Orc (2/2) D:11            Elf (0/3) Orc:2        Bailey (visited)

Altars:
Ashenzari
Cheibriados
Dithmenos
Gozag
Kikubaaqudgha
Makhleb
Okawaru
Ru
Sif Muna
Trog
Uskayaw
Wu Jian
Xom
Zin
The Shining One
Beogh

Shops:
D:6 [   D:10 (   Orc:2 *[((

Annotations:
Orc:1 Jorgrun


Message History

You clear your throat and prepare to recite. "And lo, the wrath of Zin did find..."
Jorgrun hits you but does no damage. Jorgrun shatters you!!
Reach: a) +5 trident
Press: ? - help, Dir - move target, f/p - Jorgrun
Aim: Jorgrun, wielding a staff of earth and wearing a +2 robe of cold resistance (lightly wounded, dazed, about 40% to evade your +5 trident)
You hit Jorgrun.
Jorgrun is lightly wounded.
Unknown command.
Reach: a) +5 trident
Press: ? - help, Dir - move target, f/p - Jorgrun
Aim: Jorgrun, wielding a staff of earth and wearing a +2 robe of cold resistance (lightly wounded, dazed, about 40% to evade your +5 trident)
You hit Jorgrun.
Jorgrun is lightly wounded. "...them wherever they hid, and the servants of Hell..."
Jorgrun casts a spell at you. The iron shot hits you!
Reach: a) +5 trident
Press: ? - help, Dir - move target, f/p - Jorgrun
Aim: Jorgrun, wielding a staff of earth and wearing a +2 robe of cold resistance (lightly wounded, dazed, about 40% to evade your +5 trident)
You closely miss Jorgrun.
Jorgrun is lightly wounded. "...were censured for their profanity!"
Jorgrun is dazed by your recitation.
You finish reciting Anathema 15:5.
Jorgrun casts a spell at you.
Roots burst forth from the earth!
The grasping roots grab you! The grasping roots constrict you!
The roots grasp on you weakens, but your attempt to escape fails.
You block Jorgrun's attack. The grasping roots constrict you!
You escape the roots grasp.
Jorgrun attacks as you move away! Jorgrun hits you with a staff of earth.
Jorgrun shatters you.
Jorgrun is lost in a daze.
Jorgrun is lost in a daze.
Jorgrun casts a spell at you.
Your divine stamina protects you from petrification!
Jorgrun casts a spell at you. The iron shot hits you!!!
You die...

#### ### #.## #####
###..## ...# . ##.....#
#####..##.. ##
##......##.##......#.
.###
#..............).....
...#
###..............[o...
...#
###....@..........[)..##
...####
#....)###.........#....#
......#
#.#....####.g$)).#.#)....
...#### #
#...>.##....)...o......
....#
##.........$..........#
...##
##............o....o.#
..## ##...............
...# #...............
..## .###...#........


You could see Jorgrun (dazed).

Vanquished Creatures
  An orc warlord (Orc:2)
  Josephine (D:10)
  Erolcha (Orc:1)
  5 two-headed ogres
  An orc high priest (Orc:1)
  2 orc knights (Orc:1)
  Pikel (D:8)
  A cyclops (Orc:2)
  An orc sorcerer (Orc:2)
  3 centaur zombies (D:11)
  Maurice (D:10)
  Joseph (D:7)
  A gargoyle (Bailey)
  A centaur skeleton (D:11)
  Psyche (D:10)
  A kobold demonologist (D:10)
  3 trolls (D:11)
  2 hellwings (D:11)
  A hornet (D:11)
  2 wyverns
  13 yaks
  4 shadows
  4 wraiths
  A vampire (Bailey)
  A steam dragon (D:9)
  3 wargs
  A water moccasin (D:8)
  2 acid dragons
  33 orc warriors
  3 sky beasts
  2 ice beasts
  6 ogres
  3 wolves (D:11)
  3 centaurs
  A lemure (D:8)
  9 kobold brigands
  7 bullfrogs
  2 gnoll sergeants
  2 scorpions (D:6)
  9 wights
  9 killer bees
  7 vampire bats (Bailey)
  9 electric eels
  4 wolf zombies (Bailey)
  A lava snake (D:8)
  5 howler monkeys
  4 hounds
  A jelly (D:7)
  Crazy Yiuf (D:7)
  24 orc priests
  An iguana (D:6)
  25 orc wizards
  Natasha (thrice) (D:2)
  A boggart skeleton (D:11)
  Robin (D:2)
  17 gnolls
  11 adders
  4 shadow imps (D:11)
  2 white imps (D:6)
  A worm (D:7)
  4 dart slugs
  77 orcs
  5 endoplasms
  4 giant cockroaches
  11 goblins
  15 hobgoblins
  70 kobolds
  5 quokkas
  8 ball pythons
  5 bats (D:1)
  2 frilled lizards
  20 orc zombies (Bailey)
  5 rats
502 creatures vanquished.

Vanquished Creatures (others)
  A wizard (D:4)
  An orc wizard (Orc:1)
  A gnoll (D:4)
3 creatures vanquished.

Grand Total: 505 creatures vanquished

Notes
Turn   | Place    | Note
-------+----------+-------------------------------------------
     0 | D:1      | Graphine the Hill Orc Fighter began the quest for the Orb.
     0 | D:1      | Reached XP level 1. HP: 19/19 MP: 1/1
   186 | D:1      | Reached XP level 2. HP: 12/27 MP: 2/2
   723 | D:1      | Found a faded altar of an unknown god.
   743 | D:1      | Reached XP level 3. HP: 3/33 MP: 3/3
   750 | D:1      | Prayed at the altar of an unknown god.
   750 | D:1      | Became a worshipper of Zin the Law-Giver
   750 | D:1      | Reached * piety under Zin
   966 | D:1      | Reached ** piety under Zin
  1467 | D:2      | Reached skill level 1 in Invocations
  1542 | D:2      | Noticed Natasha
  1547 | D:2      | Noticed Robin
  1548 | D:2      | Killed Natasha
  1549 | D:2      | Reached XP level 4. HP: 32/40 MP: 3/5
  1569 | D:2      | Killed Robin
  1690 | D:2      | Noticed Natasha
  1700 | D:2      | Killed Natasha
  1701 | D:2      | Reached skill level 2 in Invocations
  1701 | D:2      | Reached XP level 5. HP: 37/46 MP: 6/6
  1805 | D:2      | You fall into a shaft and drop 2 floors!
  2076 | D:3      | Noticed an ice beast
  2078 | D:3      | Identified a scroll of acquirement
  2078 | D:3      | Acquired a +5 ring of evasion
  2093 | D:3      | Killed an ice beast
  2094 | D:3      | Reached skill level 3 in Invocations
  2094 | D:3      | Reached XP level 6. HP: 53/53 MP: 8/8
  2116 | D:3      | Reached *** piety under Zin
  2146 | D:2      | Noticed Natasha
  2150 | D:2      | Killed Natasha
  2692 | D:3      | Identified the +4 spear of Vengeance {flame, Will++ Int+3}
  2728 | D:3      | Found a glowing golden altar of the Shining One.
  3367 | D:4      | Found a shadowy altar of Dithmenos.
  3378 | D:4      | Noticed a +0 short sword
  3378 | D:4      | Noticed a +0 falchion
  3378 | D:4      | Noticed a +0 falchion
  3383 | D:4      | Noticed a +0 dagger
  3384 | D:4      | Noticed a +0 spear
  3384 | D:4      | Noticed a +0 short sword
  3384 | D:4      | Noticed a +0 dagger
  3385 | D:4      | Noticed a +0 spear
  3393 | D:4      | Found a hide-covered altar of Uskayaw.
  3504 | D:4      | Found a bloodstained altar of Trog.
  3507 | D:4      | Noticed a wizard
  3512 | D:4      | Killed a wizard
  3749 | D:4      | Reached skill level 5 in Fighting
  3749 | D:4      | Reached skill level 4 in Invocations
  3749 | D:4      | Reached XP level 7. HP: 24/61 MP: 8/10
  3921 | D:4      | Reached skill level 5 in Polearms
  3928 | D:4      | Reached skill level 5 in Invocations
  4026 | D:4      | Reached **** piety under Zin
  4662 | D:5      | Entered Level 5 of the Dungeon
  4743 | D:5      | Reached XP level 8. HP: 69/69 MP: 12/12
  4911 | D:5      | Reached skill level 5 in Armour
  4911 | D:5      | Reached skill level 5 in Shields
  4944 | D:5      | Found a shimmering altar of Xom.
  5038 | D:5      | Reached skill level 6 in Invocations
  5542 | D:5      | Reached ***** piety under Zin
  5594 | D:5      | Found a staircase to the Ecumenical Temple.
  5854 | D:6      | Found a sacrificial altar of Ru.
  5856 | D:6      | Identified the +0 helmet of Claustrophobia {Drain +Blink
                  | rElec Stlth+}
  5869 | D:6      | Found a burning altar of Makhleb.
  5973 | D:6      | Found a shimmering blue altar of Sif Muna.
  6055 | D:6      | Found Zauwam's Armour Emporium.
  6058 | D:6      | Found an opulent altar of Gozag.
  6372 | D:6      | Found an ancient bone altar of Kikubaaqudgha.
  6455 | D:6      | Reached skill level 7 in Invocations
  6606 | D:7      | Found a flagged portal.
  6620 | D:7      | Reached XP level 9. HP: 73/75 MP: 14/14
  6621 | D:7      | Identified the +1 leather armour "Suce" {+Inv rElec Regen+
                  | Dex-4}
  6628 | Bailey   | Entered a bailey
  6770 | Bailey   | Noticed a gargoyle
  6794 | Bailey   | Killed a gargoyle
  7023 | Bailey   | Identified the scarf of Lilacs {+Inv, rElec Int+3}
  7069 | Bailey   | Reached skill level 8 in Invocations
  7369 | Bailey   | Identified the +1 robe of the Five Mice {Will+}
  7445 | D:7      | Noticed Joseph
  7467 | D:7      | Killed Joseph
  7776 | D:7      | Found an ornate altar of the Wu Jian Council.
  7800 | D:7      | Found a snail-covered altar of Cheibriados.
  7851 | D:7      | Reached skill level 9 in Invocations
  7953 | D:7      | Reached XP level 10. HP: 83/86 MP: 16/16
  7963 | D:7      | Found a glowing silver altar of Zin.
  8014 | D:7      | Found an iron altar of Okawaru.
  8130 | D:7      | Found a runed translucent door.
  8131 | D:7      | Noticed Crazy Yiuf
  8137 | D:7      | Killed Crazy Yiuf
  9269 | D:8      | Reached skill level 10 in Invocations
  9353 | D:8      | Noticed Pikel
  9372 | D:8      | Killed Pikel
 10478 | D:9      | Reached skill level 11 in Invocations
 10532 | D:9      | Reached ****** piety under Zin
 10640 | D:9      | Noticed a two-headed ogre
 10653 | D:9      | Killed a two-headed ogre
 10654 | D:9      | Reached skill level 10 in Polearms
 10654 | D:9      | Reached XP level 11. HP: 65/95 MP: 19/19
 10770 | D:10     | Entered Level 10 of the Dungeon
 11020 | D:10     | Noticed Maurice
 11037 | D:10     | Killed Maurice
 11558 | D:10     | Found Soikhluoz's Weapon Boutique.
 11558 | D:10     | Noticed a two-headed ogre
 11570 | D:10     | Killed a two-headed ogre
 11605 | D:10     | Noticed Josephine
 11640 | D:10     | Killed Josephine
 11641 | D:10     | Reached skill level 12 in Invocations
 11785 | D:10     | Found a broken altar of Ashenzari.
 11805 | D:10     | Noticed Psyche
 11812 | D:10     | Killed Psyche
 12472 | D:11     | Noticed a two-headed ogre
 12506 | D:11     | Killed a two-headed ogre
 12535 | D:11     | Reached XP level 12. HP: 40/105 MP: 21/21
 12549 | D:11     | Reached skill level 13 in Invocations
 12868 | D:11     | Found a staircase to the Lair.
 13483 | D:11     | Found a staircase to the Orcish Mines.
 13530 | D:11     | Noticed a two-headed ogre
 13544 | D:11     | Killed a two-headed ogre
 13545 | D:11     | Reached skill level 10 in Fighting
 14353 | Orc:1    | Entered Level 1 of the Orcish Mines
 14433 | Orc:2    | Entered Level 2 of the Orcish Mines
 14832 | Orc:2    | Found a staircase to the Elven Halls.
 14884 | Orc:2    | Found a roughly hewn altar of Beogh.
 14910 | Orc:2    | Reached skill level 1 in Dodging
 14913 | Orc:2    | Found Vaicwoil's Assorted Antiques.
 14930 | Orc:2    | Bought a scroll labelled IDWEGIRIAPAU for 28 gold pieces
 15089 | Orc:2    | Reached skill level 14 in Invocations
 15089 | Orc:2    | Found a roughly hewn altar of Beogh.
 15169 | Orc:2    | Found Umautz's Antique Weapon Emporium.
 15305 | Orc:2    | Found a roughly hewn altar of Beogh.
 15389 | Orc:2    | Found a roughly hewn altar of Beogh.
 15439 | Orc:2    | Found a roughly hewn altar of Beogh.
 15677 | Orc:2    | Noticed an orc warlord
 16078 | Orc:2    | Killed an orc warlord
 16149 | Orc:2    | Found Womiz's Antique Armour Emporium.
 16150 | Orc:2    | Found a roughly hewn altar of Beogh.
 16151 | Orc:2    | Found Borur's Antique Weapon Shoppe.
 16214 | Orc:1    | Noticed a two-headed ogre
 16233 | Orc:1    | Noticed Jorgrun
 16248 | Orc:1    | Reached XP level 13. HP: 53/114 MP: 23/23
 16290 | Orc:1    | Noticed Erolcha
 16495 | Orc:1    | Killed Erolcha
 16913 | Orc:1    | Killed from afar by Jorgrun

Illustrated notes

Levels and vault maps discovered:
D:1:      dpeg_arrival_tiny_c, layout_basic,
          hellmonk_ecumenical_altar_heavens_door,
          corexii_item_surrounded_by_moat
D:2:      minmay_wonky_spiral, layout_basic, grunt_ministairs_13,
          minmay_fountain_box, uniq_natasha, uniq_robin
D:3:      layout_basic, tso_metal_star, kennysheep_cross_room
D:4:      minmay_goblin_kobold_castle, layout_basic, nicolae_uskayaw_en_pointe,
          trog_wizard, grunt_dithmenos_smoke, serial_curves, eino_curves_04,
          eino_curves_01
D:5:      layout_loops_corners, mainiacjoe_overflow_surrounded_room,
          minmay_temple_entry_proselytizer, saegor_snake_ambush
D:6:      layout_rooms, overflow_temple_1_default, mainiacjoe_overflow_alcove_1,
          lemuel_crystal_altar, led_sif_book, nicolae_ru_awakened_eye,
          serial_shops, shop
D:7:      layout_basic, pdpol_wu_jian_five_deadly_venoms, lemuel_round_altar,
          mainiacjoe_overflow_24_doors, cheibrodos_worm_habitat, enter_bailey_2,
          kennysheep_boxes, uniq_joseph, uniq_crazy_yiuf_cottage
D:8:      layout_layer_cave, chequers_serial_rivers_micro_a,
          nicolae_lava_and_water, uniq_pikel
D:9:      layout_cross, minivault_24
D:10:     layout_layer_cave, ashenzari_altar_1, serial_shops, shop,
          uniq_josephine, uniq_maurice, uniq_psyche
D:11:     cheibrodos_grave_circle, layout_gridville, erik_lair_island,
          david_orc_4, kennysheep_generic_room_7
Orc:1:    layout_diamond_mine, serial_shops, shop, uniq_erolcha, uniq_jorgrun
Orc:2:    grunt_orc_community_town_hall, layout_caves,
          grunt_orc_community_big_house_2, grunt_orc_community_big_house_2,
          grunt_orc_community_house_3, grunt_orc_community_house_2,
          grunt_orc_community_house_3, grunt_orc_community_house_3,
          grunt_orc_community_house_1, grunt_orc_community_house_3

Skill      XL: |  1  2  3  4  5  6  7  8  9 10 11 12 13 |
---------------+----------------------------------------+-----
Polearms       | 3 4 5 6 8 10 11 12 | 12.9
Fighting       | 4 5 6 7 8 9 10 | 10.7
Invocations    | 1 2 3 4 5 7 9 11 12 14 | 14.7
Shields        | 4 5 6 7 8 9 |  9.7
Armour         | 4 5 6 7 8 9 |  9.8
Dodging        | 1 2 |  2.3

Action                     |  1- 3 |  4- 6 |  7- 9 | 10-12 | 13-15 || total
---------------------------+-------+-------+-------+-------+-------++-------
  Melee: Trident           |   129 |   218 |   436 |  1086 |   116 ||  1985
 Invoke: Recite            |       |     2 |    27 |    44 |     3 ||    76
         Vitalisation      |       |       |       |     4 |     2 ||     6
  Evoke: Wand              |       |       |     5 |     8 |       ||    13
    Use: Potion            |     1 |       |     7 |     3 |     3 ||    14
         Scroll            |       |     9 |     8 |     9 |       ||    26
   Stab: Confused          |       |     3 |     5 |    30 |     1 ||    39
         Invisible         |       |       |     1 |    13 |       ||    14
         Paralysed         |       |       |       |    46 |     4 ||    50
 Armour: Scale mail        |    63 |       |    51 |   167 |       ||   281
         Chain mail        |       |    64 |    98 |    59 |    20 ||   241
  Dodge: Dodged            |    64 |    75 |   266 |   730 |    48 ||  1183
  Block: Buckler           |    25 |    37 |   106 |   289 |    18 ||   475
